 Dungeon Crawl Stone Soup version 0.22-a0-248-gc8378ba (console) character file.

917 Duffy the Charlatan (level 8, -8/65 (66) HPs)
             Began as a Ghoul Artificer on Feb 28, 2018.
             Was a Follower of Ru.
             Splashed by Pikel's acid (14 damage)
             ... on level 6 of the Dungeon.
             The game lasted 00:09:55 (7175 turns).

Duffy the Charlatan (Ghoul Artificer)               Turns: 7175, Time: 00:09:55

HP:   -8/65 (66)    AC:  9    Str: 18    XL:     8   Next: 9%
MP:   0/10          EV: 10    Int:  6    God:    Ru [*.....]
Gold: 253           SH:  4    Dex:  9    Spells: 7/7 levels left

rFire    + . .     SeeInvis .   t - +0 war axe
rCold    + . .     Gourm    .   g - +0 buckler
rNeg     + + +     Faith    .   G - +4 scale mail "Uqip" {rN+}
rPois    ∞         Spirit   +   (no helmet)
rElec    .         Reflect  .   v - scarf {Spirit}
rCorr    .         Harm     +   l - +0 pair of gloves
MR       .....                  c - +0 pair of boots (curse)
Stlth    ..........             j - amulet of harm
HPRegen  0.00/turn              k - ring of protection from fire
MPRegen  0.12/turn              (no ring)

@: corroded, horrified, rotting
A: rotting body, claws 1, carnivore, cold resistance 1, negative energy
resistance 3, inhibited regeneration, torment resistance, unbreathing, cowardly
a: Renounce Religion


You were on level 6 of the Dungeon.
You worshipped Ru.
Ru was aware of your devotion.
You were not hungry.

You visited 1 branch of the dungeon, and saw 6 of its levels.

You collected 253 gold pieces.

Inventory:

Hand Weapons
 r - a +0 hand axe
 t - a +0 war axe (weapon)
Missiles
 m - 6 javelins (quivered)
Armour
 b - the +7 ring mail of the Doldrums {rF+++ Str-5 Dex+2}
   (You found it on level 4 of the Dungeon)

   It affects your strength (-5).
   It affects your dexterity (+2).
   It renders you almost immune to fire.
 c - a cursed +0 pair of boots (worn)
 g - a +0 buckler (worn)
 l - a +0 pair of gloves (worn)
 s - a scarf of resistance
 v - a scarf of spirit shield (worn)
 G - the +4 scale mail "Uqip" (worn) {rN+}
   (You found it on level 6 of the Dungeon)

   It protects you from negative energy.
Jewellery
 j - an amulet of harm (around neck)
 k - a ring of protection from fire (left hand)
Wands
 d - a wand of enslavement (11)
 e - a wand of random effects (7)
 h - a wand of polymorph (18)
 y - a wand of digging (13)
Scrolls
 a - a scroll of enchant armour
 i - a scroll of fog {unknown}
 n - a scroll of random uselessness {unknown}
 o - 5 scrolls of remove curse
 p - a scroll of noise {unknown}
 q - 2 scrolls of magic mapping
 w - a scroll of fear
 D - a scroll of teleportation
Potions
 u - a potion of magic
 x - a potion of agility {unknown}
 z - a potion of curing {unknown}
 A - a potion of berserk rage {unknown}
 B - a potion of heal wounds {unknown}
 C - a potion of flight {unknown}
 E - a potion of might
 F - a potion of lignification {unknown}
Comestibles
 f - 15 rations


   Skills:
 + Level 4.2 Fighting
   Level 0.8 Short Blades
 * Level 3.8 Axes
 + Level 3.1 Armour
 - Level 1.7 Dodging
 - Level 1.1 Stealth
 + Level 3.3 Shields
 + Level 4.4 Evocations


You had 7 spell levels left.
You didn't know any spells.

Dungeon Overview and Level Annotations

Branches:
Dungeon (6/15)             Temple (0/1) D:4

Altars:
Ashenzari
Cheibriados
Dithmenos
Hepliaklqana
Okawaru
Qazlal
Ru
Trog
Vehumet
Xom
Yredelemnul
Zin
The Shining One

Shops:
D:5 !

Annotations:
D:4 Duvessa
D:6 Pikel


Innate Abilities, Weirdness & Mutations

Your body is rotting away.
You thrive on raw meat.
You are immune to poison.
You have sharp fingernails.
You are carnivorous and can eat meat at any time.
Your flesh is cold resistant. (rC+)
You are immune to negative energy. (rN+++)
You do not regenerate when monsters are visible.
You are immune to unholy pain and torment.
You can survive without breathing.
Your cowardice makes you less effective in combat with threatening monsters.


Message History

Press: ? - help, Shift-Dir - straight line, f/p - leopard gecko
Aim: a leopard gecko (moderately wounded, clinging, chance to defeat MR: 75%) Pikel resists with significant effort.
Pikel zaps a wand.
The bolt of acid hits you!
You are splashed with acid!
The acid burns!
The freed slave completely misses the leopard gecko.
Evoke which item? (* to show all) (? for menu, Esc to quit)
Aiming: Polymorph
Press: ? - help, Shift-Dir - straight line, f/p - leopard gecko
Aim: a leopard gecko (moderately wounded, clinging, chance to defeat MR: 75%) Pikel resists with significant effort.
Pikel hits you but does no damage.
The freed slave hits the leopard gecko.
The leopard gecko dies!
Evoke which item? (* to show all) (? for menu, Esc to quit)
Aiming: Polymorph
Press: ? - help, Shift-Dir - straight line, f - Pikel
Aim: Pikel, wielding a whip of flaming, wearing a robe and carrying a wand of acid (4) (lightly wounded, unusually strong, chance to defeat MR: 59%) Pikel resists with significant effort.
Pikel zaps a wand.
The bolt of acid hits you! The acid corrodes you!
You are splashed with acid!
The acid burns!
You die...

.# #.# .# #.# .#
#.# .# #.#
.#########.#######
......)..p.l.K.p.#
..########.#####.#
..# ###.#####K#
..# #....p...@#
..######.#.#####.#
...............#.#
#.######.#.###.#.#
#.# #.#...#.#.#
#.# #.###.#.#.#
#.# #.###.#.#.#
#.# #.....#.#.##
#.# #.#####.#..#


You could see Pikel and 2 neutral freed slaves.

Vanquished Creatures
  An ice beast (D:6)
  A centaur (D:5)
  An ogre (D:4)
  A big kobold (D:5)
  A scorpion (D:4)
  Dowan (D:4)
  A bullfrog skeleton (D:4)
  A jelly (D:6)
  A hound (D:5)
  Ijyb (D:4)
  Crazy Yiuf (D:3)
  Jessica (D:3)
  Terence (D:1)
  An iguana (D:4)
  2 orc wizards (D:3)
  2 worker ants
  A hound skeleton (D:5)
  An adder (D:3)
  A shadow imp (D:5)
  An ooze (D:2)
  2 adder skeletons
  3 worms
  A dart slug (D:2)
  5 leopard geckos
  4 orcs
  6 bats
  4 giant cockroaches
  5 goblins (D:2)
  7 hobgoblins
  4 quokkas
  A ball python (D:1)
  5 frilled lizards
  A jackal skeleton (D:4)
  11 kobolds
  A leopard gecko skeleton (D:4)
  7 rats
89 creatures vanquished.

Vanquished Creatures (collateral kills)
  3 orc priests (D:6)
  An orc wizard (D:6)
  An orc (D:6)
5 creatures vanquished.

Vanquished Creatures (others)
  A leopard gecko (D:6)
1 creature vanquished.

Grand Total: 95 creatures vanquished

Notes
Turn   | Place    | Note
-------+----------+-------------------------------------------
     0 | D:1      | Duffy the Ghoul Artificer began the quest for the Orb.
     0 | D:1      | Reached XP level 1. HP: 16/16 MP: 1/1
   446 | D:1      | Reached XP level 2. HP: 21/23 MP: 3/3
  1269 | D:2      | Reached skill level 1 in Shields
  1339 | D:2      | Reached XP level 3. HP: 29/29 MP: 4/4
  1566 | D:2      | Found a faded altar of an unknown god.
  1830 | D:2      | Noticed Terence
  1859 | D:1      | Reached skill level 1 in Armour
  1859 | D:1      | Reached XP level 4. HP: 21/36 MP: 5/5
  1864 | D:1      | Killed Terence
  2791 | D:3      | Reached XP level 5. HP: 37/42 MP: 6/6
  2832 | D:3      | Reached skill level 1 in Axes
  2998 | D:3      | Found a hazy altar of Hepliaklqana.
  3244 | D:3      | Found a snail-covered altar of Cheibriados.
  3248 | D:3      | Found a shattered altar of Ashenzari.
  3250 | D:3      | Found a bloodstained altar of Trog.
  3250 | D:3      | Found a basalt altar of Yredelemnul.
  3250 | D:3      | Found a sacrificial altar of Ru.
  3250 | D:3      | Found an iron altar of Okawaru.
  3251 | D:3      | Found a shimmering altar of Xom.
  3252 | D:3      | Found a glowing silver altar of Zin.
  3278 | D:3      | Became a worshipper of Ru the Awakened
  3321 | D:3      | Found a stormy altar of Qazlal.
  3365 | D:3      | Found a shadowy altar of Dithmenos.
  3368 | D:3      | Found a radiant altar of Vehumet.
  3619 | D:3      | Found a runed door.
  3852 | D:3      | Noticed Crazy Yiuf
  3852 | D:3      | Noticed Jessica
  3860 | D:3      | Killed Crazy Yiuf
  3860 | D:3      | Killed Jessica
  3860 | D:3      | Reached XP level 6. HP: 35/50 MP: 7/7
  4025 | D:4      | Got a transparent ring mail
  4055 | D:3      | Identified the +7 ring mail of the Doldrums {rF+++ Str-5 Dex+2} (You found it on level 4 of the Dungeon)
  4060 | D:4      | Found a glowing golden altar of the Shining One.
  4380 | D:4      | HP: 1/50 [ogre/giant club (8)]
  4904 | D:4      | Noticed Ijyb
  4904 | D:4      | Noticed Dowan
  4921 | D:4      | Killed Ijyb
  4928 | D:4      | Reached XP level 7. HP: 52/57 MP: 8/8
  4957 | D:4      | Killed Dowan
  5039 | D:4      | Noticed Duvessa
  5408 | D:4      | Found a staircase to the Ecumenical Temple.
  5848 | D:5      | Entered Level 5 of the Dungeon
  5868 | D:4      | Gained mutation: Your cowardice makes you less effective in combat with threatening monsters. [Ru sacrifice]
  5868 | D:4      | Reached * piety under Ru
  6246 | D:5      | Found Toigeyv's Distillery.
  6599 | D:6      | Reached XP level 8. HP: 59/65 MP: 8/10
  6709 | D:6      | Got a bloodstained scale mail
  6725 | D:6      | Identified the +4 scale mail "Uqip" {rN+} (You found it on level 6 of the Dungeon)
  7125 | D:6      | Noticed Pikel
  7175 | D:6      | Splashed by Pikel's acid

Vault maps used:
D:1:      eino_arrival_druids_welcome, kennysheep_minor_cross
D:2:      chequers_ecumenical_altar_island, uniq_terence
D:3:      nicolae_overflow_hidden_temple, minitemple,
          minmay_overflow_temple_star_quad, first_ration,
          uniq_crazy_yiuf_cottage, uniq_jessica
D:4:      old_standard_altar, minmay_temple_entry_enclosed_plants, uniq_ijyb,
          uniq_duvessa
D:5:      serial_shops, nicolae_shop_statue_plus
D:6:      uniq_pikel

Skill      XL: |  1  2  3  4  5  6  7 |
---------------+----------------------+-----
Shields        | 1 2 3 |  3.3
Evocations     | 3 4 |  4.4
Fighting       | 2 3 4 |  4.2
Armour         | 1 2 3 |  3.1
Axes           | 1 2 3 |  3.8
Short Blades   | |  0.8
Dodging        | |  1.7
Stealth        | |  1.1

Action                   |  1- 3 |  4- 6 |  7- 9 || total
-------------------------+-------+-------+-------++-------
Melee: Short sword       |   150 |    68 |       ||   218
       Hand axe          |       |   206 |   125 ||   331
       War axe           |       |       |    21 ||    21
Invok: Sacrifice Courage |       |       |     1 ||     1
Evoke: Wand              |     1 |    20 |    10 ||    31
  Use: Scroll            |       |     4 |     2 ||     6
 Stab: Distracted        |       |       |     1 ||     1
  Eat: Chunk             |     7 |    12 |     9 ||    28
Armor: Leather armour    |    14 |       |       ||    14
       Chain mail        |    79 |   123 |       ||   202
       Ring mail         |       |    28 |    81 ||   109
       Scale mail        |       |       |     3 ||     3
Dodge: Dodged            |    51 |    93 |    58 ||   202
Block: Buckler           |    17 |    37 |    31 ||    85

Table legend:
 A = Spawn XP
 B = Non-spawn XP
 C = Spawn XP percentage of total XP
 D = Spawn monster count
 E = Non-spawn monster count
 F = Spawn count percentage of total count
 G = Total turns spent on level
                    A         B        C        D         E        F      G
               +---------+---------+-------+---------+---------+-------+---------
         Total |       0 |    1311 |   0.0 |       0 |      94 |   0.0 |  7175
               +---------+---------+-------+---------+---------+-------+---------
           D:1 |       0 |      87 |   0.0 |       0 |      14 |   0.0 |  1403
           D:2 |       0 |      64 |   0.0 |       0 |      27 |   0.0 |  1336
           D:3 |       0 |     183 |   0.0 |       0 |      19 |   0.0 |  1442
           D:4 |       0 |     414 |   0.0 |       0 |      13 |   0.0 |  1691
           D:5 |       0 |     298 |   0.0 |       0 |      12 |   0.0 |   650
           D:6 |       0 |     265 |   0.0 |       0 |       9 |   0.0 |   653
               +---------+---------+-------+---------+---------+-------+---------
